 Dungeon Crawl Stone Soup version 0.30.1-11-g7821555f0a (webtiles) character file.

Game seed: 9239194008680517214

6047 Jerry the Shield-Bearer (level 10, -9/100 HPs)
             Began as a Troll Fighter on Dec 10, 2023.
             Was a Priest of Okawaru.
             Mangled by a death yak (14 damage)
             ... on level 10 of the Dungeon.
             The game lasted 00:39:06 (8744 turns).

Jerry the Shield-Bearer (Troll Fighter)             Turns: 8744, Time: 00:39:06

Health: -9/100     AC: 16    Str: 30    XL:     10   Next: 57%
Magic:  10/10      EV:  9    Int: 10    God:    Okawaru [***...]
Gold:   566        SH:  9    Dex:  9    Spells: 9/9 levels left

rFire   . . .        k - +4 whip (elec)
rCold   . . .        c - +0 kite shield
rNeg    . . .        y - +1 swamp dragon scales
rPois   +            (helmet restricted)
rElec   .            t - +0 cloak
rCorr   .            (gloves unavailable)
SInv    .            (boots unavailable)
Will    .....        (no amulet) Stlth
                     s - +4 ring of protection
HPRegen 1.16/turn    o - +6 ring of intelligence
MPRegen 0.12/turn

%: no passive effects
@: no status effects
A: large, unfitting armour, claws 3, regeneration 1, shaggy fur 1, tough skin 1
a: Renounce Religion, Heroism


You were on level 10 of the Dungeon.
You worshipped Okawaru.
Okawaru was most pleased with you.
You visited 2 branches of the dungeon, and saw 11 of its levels.

You collected 566 gold pieces.

Inventory:

Hand Weapons
 k - a +4 whip of electrocution (weapon)
 u - a +1 flail of flaming
Missiles
 g - 2 throwing nets
 r - a silver javelin (quivered)
 z - 3 boomerangs of dispersal
Armour
 c - a +0 kite shield (worn)
 t - a +0 cloak (worn)
 y - +1 swamp dragon scales (worn)
Jewellery
 l - a ring of fire
 o - a +6 ring of intelligence (right claw)
 s - a +4 ring of protection (left claw)
 B - a ring of magical power
Wands
 d - a wand of flame (26)
 v - a wand of digging (18)
 A - a wand of polymorph (6)
Scrolls
 e - 2 scrolls of identify
 f - a scroll of vulnerability
 j - a scroll of silence
 m - 4 scrolls of teleportation
 p - a scroll of enchant weapon
 C - 2 scrolls of immolation
 D - a scroll of fear
 E - a scroll of summoning
Potions
 a - 2 potions of might
 b - 2 potions of brilliance
 h - 2 potions of ambrosia
 i - 2 potions of resistance
 n - 7 potions of curing
 q - 2 potions of haste
 w - 3 potions of attraction
 x - 3 potions of magic
 F - a potion of lignification {unknown}
 G - a potion of flight
 I - a potion of heal wounds


   Skills:
 + Level 6.8 Fighting
 + Level 7.1 Maces & Flails
 + Level 3.7 Throwing
 + Level 4.1 Armour
 - Level 5.2 Dodging
 + Level 7.4 Shields
 + Level 2.4 Invocations


You had 9 spell levels left.
You didn't know any spells.
Your spell library contained the following spells:

 Spells                   Type           Power      Damage    Failure   Level
 Sandblast                Erth           0%         2d4       65%         1
 Slow                     Hex            0%         N/A       65%         1
 Passwall                 Tmut/Erth      0%         N/A       80%         2
 Confusing Touch          Hex            0%         N/A       95%         3
 Dazzling Flash           Conj/Hex       0%         N/A       95%         3
 Inner Flame              Hex/Fire       0%         N/A       95%         3
 Stone Arrow              Conj/Erth      0%         3d7       95%         3
 Vampiric Draining        Necr           0%         2d6       95%         3
 Volatile Blastmotes      Fire/Tloc      0%         2d10      95%         3
 Flame Wave               Conj/Fire      0%         2d4       100%        4
 Iskenderun's Mystic Bla  Conj/Tloc      0%         2d3       100%        4
 Sticky Flame             Conj/Fire      0%         2d3       100%        4
 Agony                    Necr           0%         N/A       100%        5
 Blade Hands              Tmut           0%         N/A       100%        5
 Silence                  Hex/Air        0%         N/A       100%        5
 Iron Shot                Conj/Erth      0%         9d1       100%        6
 Starburst                Conj/Fire      0%         6d3       100%        6
 Animate Armour           Summ/Erth      Unusable   N/A       N/A         4

Dungeon Overview and Level Annotations

Branches:
Dungeon (10/15)            Temple (1/1) D:7            Lair (0/5) D:10
    Orc: D:9-12

Altars:
Ashenzari
Cheibriados
Dithmenos
Elyvilon
Fedhas
Gozag
Hepliaklqana
Kikubaaqudgha
Makhleb
Nemelex Xobeh
Okawaru
Qazlal
Ru
Sif Muna
Trog
Uskayaw
Vehumet
Wu Jian
Xom
Yredelemnul
Zin
The Shining One

Shops:
D:3 =   D:4 [   D:8 (

Portals:
Trove: D:10 (give robe of Vines)

Annotations:
D:10 mihai's ghost, novice TrFi


Innate Abilities, Weirdness & Mutations

You are too large for most types of armour.
You have claws for hands.
Your natural rate of healing is unusually fast.
You are covered in fur. (AC +1)
You have tough skin. (AC +1)


Message History

The death yak gores you but does no damage.
You whack the death yak!
Lightning courses through the death yak!!
You kill the death yak!
Okawaru is honoured by your kill.
Your base Maces & Flails skill increases to level 7!
Your Invocations skill increases to level 2!
The death yak bellows!
You hit the death yak but do no damage. You whack the death yak!
The death yak is lightly wounded.
The death yak barely misses you.
A death yak comes into view.
You hit the death yak.
Lightning courses through the death yak!!
The death yak is heavily wounded.
You hit the death yak.
The death yak is severely wounded.
You feel like a meek peon again. The death yak gores you.
You barely miss the death yak.
The death yak is heavily wounded.
The death yak gores you!
You hit the death yak.
Lightning courses through the death yak!
The death yak is almost dead.
You hit the death yak but do no damage.
Lightning courses through the death yak!!
You kill the death yak!
Okawaru is honoured by your kill.
Okawaru will now gift you throwing weapons as you gain piety.
Your Armour skill increases to level 4!
You hit the death yak.
The death yak is lightly wounded.
The death yak gores you!!
* * * LOW HITPOINT WARNING * * *
The death yak attacks as you move away! The death yak gores you!
* * * LOW HITPOINT WARNING * * *
The death yak attacks as you move away! The death yak gores you!
You die...

#..............Y......>.... #)#
#.......##..........#......##)#
#.########...........#.....)..#
#. #...#####Y........##.. #
#...# #.##...... ### #...#
#..#.(.... ...#####.........
#.YY.Y...(.#.#
#####@####.#.###.
#........#.#.# #. #.###....#.#
# #.####.#[#.#.###.
#......#<[.......
#######.###############
.......................
#######.############### #.#


You could see 3 death yaks.

Vanquished Creatures
  2 death yaks (D:10)
  Pikel (D:6)
  Maggie (D:6)
  Sigmund (D:6)
  2 wraiths
  A shadow (D:10)
  2 wyverns (D:8)
  4 vampire mosquitoes (D:10)
  Menkaure (D:7)
  2 water moccasins (D:8)
  2 orc warriors
  A black bear (D:5)
  A sky beast (D:7)
  4 ogres
  A centaur (D:8)
  3 kobold brigands
  2 bullfrogs
  A scorpion (D:5)
  A gnoll sergeant (Temple)
  4 killer bees (D:9)
  3 howler monkeys
  2 jellies (D:6)
  5 orc priests
  A gnoll bouda (D:10)
  3 hounds
  Crazy Yiuf (D:2)
  An iguana (D:5)
  A sleepcap (D:5)
  6 orc wizards
  13 gnolls
  9 adders
  2 shadow imps
  A white imp (D:5)
  2 ufetubi (D:5)
  3 worms
  2 dart slugs
  38 orcs
  6 ball pythons
  4 endoplasms
  8 giant cockroaches
  10 goblins
  8 hobgoblins
  A jackal (D:5)
  5 quokkas
  9 bats
  3 frilled lizards
  21 kobolds
  5 rats
210 creatures vanquished.

Notes
Turn   | Place    | Note
-------+----------+-------------------------------------------
     0 | D:1      | Jerry the Troll Fighter began the quest for the Orb.
     0 | D:1      | Reached XP level 1. HP: 22/22 MP: 0/0
   289 | D:1      | Reached XP level 2. HP: 29/29 MP: 1/1
   892 | D:2      | Found a runed translucent door.
   893 | D:2      | Noticed Crazy Yiuf
   948 | D:2      | Reached XP level 3. HP: 36/36 MP: 2/2
  1012 | D:2      | Found an ornate altar of the Wu Jian Council.
  1529 | D:2      | Killed Crazy Yiuf
  1530 | D:2      | Reached XP level 4. HP: 33/45 MP: 3/3
  1844 | D:3      | Reached XP level 5. HP: 50/53 MP: 4/4
  2124 | D:3      | Found Eschoecw's Jewellery Boutique.
  3449 | D:4      | Noticed an ogre
  3476 | D:4      | Killed an ogre
  3477 | D:4      | Reached XP level 6. HP: 10/61 MP: 5/5
  3535 | D:4      | Found Tydenkae's Armour Emporium.
  3594 | D:4      | Found a stormy altar of Qazlal.
  3983 | D:5      | Entered Level 5 of the Dungeon
  4243 | D:5      | Reached XP level 7. HP: 67/68 MP: 6/6
  4907 | D:6      | Noticed Pikel
  4927 | D:6      | Killed Pikel
  4928 | D:6      | Reached skill level 5 in Shields
  4928 | D:6      | Reached XP level 8. HP: 40/79 MP: 7/7
  5218 | D:6      | Noticed Sigmund
  5368 | D:6      | Reached skill level 5 in Maces & Flails
  5558 | D:6      | Noticed Maggie
  5578 | D:6      | Killed Maggie
  5579 | D:6      | Reached skill level 5 in Fighting
  5579 | D:6      | Reached skill level 5 in Dodging
  5676 | D:6      | Killed Sigmund
  5863 | D:6      | Reached skill level 1 in Armour
  6000 | D:7      | Reached XP level 9. HP: 88/88 MP: 8/8
  6060 | D:7      | Found a blossoming altar of Fedhas.
  6157 | D:7      | Found a staircase to the Ecumenical Temple.
  6209 | Temple   | Entered the Ecumenical Temple
  6209 | Temple   | Found a transporter.
  6209 | Temple   | Found a transporter.
  6220 | Temple   | Found a transporter.
  6220 | Temple   | Found a transporter.
  6263 | Temple   | Became a worshipper of Warmaster Okawaru
  6325 | D:7      | Noticed Menkaure
  6424 | D:7      | Killed Menkaure
  6425 | D:7      | Reached skill level 1 in Throwing
  6944 | D:8      | Reached * piety under Okawaru
  7042 | D:8      | Found Nauf's Weapon Shop.
  7480 | D:10     | Entered Level 10 of the Dungeon
  7787 | D:9      | Reached ** piety under Okawaru
  7788 | D:9      | Reached XP level 10. HP: 95/100 MP: 9/9
  8000 | D:10     | Found a portal to a secret trove of treasure.
  8061 | D:10     | Noticed mihai's ghost (novice TrFi)
  8064 | D:10     | Noticed a rakshasa
  8066 | D:10     | Noticed a red ugly thing
  8096 | D:10     | Reached skill level 1 in Invocations
  8119 | D:10     | Noticed a tengu warrior
  8299 | D:10     | Noticed a death yak
  8323 | D:10     | HP: 5/100 [death yak (18)]
  8408 | D:10     | Found a radiant altar of Vehumet.
  8552 | D:10     | Found a staircase to the Lair.
  8710 | D:10     | Noticed a death yak
  8710 | D:10     | Noticed a death yak
  8731 | D:10     | Noticed a death yak
  8734 | D:10     | Killed a death yak
  8736 | D:10     | Noticed a death yak
  8741 | D:10     | Killed a death yak
  8741 | D:10     | Reached *** piety under Okawaru
  8743 | D:10     | HP: 4/100 [death yak (14)]
  8744 | D:10     | Mangled by a death yak

Illustrated notes

Levels and vault maps discovered:
D:1:      sevenhm_arrival_forest_fort_large_3, layout_loops_ring,
          minmay_heptomino_d4
D:2:      layout_basic, basic_altar, minmay_worlds_worst_comb,
          uniq_crazy_yiuf_cottage
D:3:      layout_basic, serial_shops, nicolae_shop_real_fake_doors,
          minmay_misc_feat_square, lemuel_flame_loot_1
D:4:      layout_cave_pools, nicolae_qazlal_eye_of_the_storm, serial_shops, shop
D:5:      layout_loops_corners, kennysheep_small_square
D:6:      layout_loops_corners, minmay_between, uniq_pikel, uniq_maggie,
          uniq_sigmund
D:7:      layout_rooms, overflow_temple_1_default,
          minmay_temple_entry_statues_pillars, minmay_misc_feat_pillars,
          uniq_menkaure
D:8:      layout_basic, serial_curves, eino_curves_04, eino_curves_03,
          serial_shops, nicolae_shop_pleasant_corner_grove, due_unseen_surprise
D:9:      layout_big_octagon, hangedman_decor_slide_cut
D:10:     layout_basic, mainiacjoe_overflow_alcove_2, dpeg_lair_monsters,
          nicolae_trove_entry_crossroad, nzn_ghost_randoct,
          lemuel_flamethrower_2
Temple:   hellmonk_temple_divided_pantheon

Skill      XL: |  1  2  3  4  5  6  7  8  9 10 |
---------------+-------------------------------+-----
Maces & Flails | 2 3 4 5 6 7 |  7.1
Shields        | 3 4 5 6 7 |  7.4
Fighting       | 3 4 5 6 |  6.8
Dodging        | 3 4 5 |  5.2
Armour         | 1 3 4 |  4.1
Throwing       | 2 3 |  3.7
Invocations    | 2 |  2.4

Action                     |  1- 3 |  4- 6 |  7- 9 | 10-12 || total
---------------------------+-------+-------+-------+-------++-------
  Melee: Flail             |   153 |   201 |    36 |       ||   390
         Whip              |       |       |   329 |   139 ||   468
  Throw: Javelin           |       |       |    11 |     2 ||    13
 Invoke: Heroism           |       |       |       |     1 ||     1
  Evoke: Wand              |       |       |     1 |       ||     1
    Use: Potion            |     1 |       |       |       ||     1
         Scroll            |       |    11 |     8 |     7 ||    26
 Armour: Robe              |    55 |    96 |    29 |       ||   180
         Swamp dragon scal |       |       |   106 |    63 ||   169
  Dodge: Dodged            |    60 |   101 |   113 |    54 ||   328
  Block: Kite shield       |    77 |   119 |   119 |    71 ||   386
